 Dungeon Crawl Stone Soup version 0.25-a0-942-g87a53962fc (webtiles) character file.

Game seed: 12822478087829505185, levelgen mode: deterministic

128 Gwenloh the Charmwright (level 5, -2/41 HPs)
             Began as a Merfolk Skald on May 7, 2020.
             Slain by Grinder (4 damage)
             ... while paralysed by Grinder
             ... on level 3 of the Dungeon.
             The game lasted 00:10:34 (2639 turns).

Gwenloh the Charmwright (Merfolk Skald)             Turns: 2639, Time: 00:10:34

Health: -2/41      AC:  5    Str: 11    XL:     5   Next: 11%
Magic:  0/17       EV:  2    Int: 14    God:
Gold:   80         SH:  0    Dex: 13    Spells: 3/8 levels left

rFire    . . .     SeeInvis .   a - +0 spear
rCold    . . .     Gourm    .   (no shield)
rNeg     . . .     Faith    .   b - +0 leather armour
rPois    .         Spirit   +   y - +1 hat
rElec    .         Reflect  .   (no cloak)
rCorr    +         Harm     .   h - +0 pair of gloves
MR       .....                  (no boots)
Stlth    +.........             k - amulet of guardian spirit
HPRegen  0.13/turn              c - ring of resist corrosion
MPRegen  0.15/turn              n - ring of magical power

@: paralysed, infused (expiring)
A: change form in water, swift swim, stealthy swim
a: no special abilities


You were on level 3 of the Dungeon.
You were hungry.

You visited 1 branch of the dungeon, and saw 3 of its levels.

You collected 80 gold pieces.

Inventory:

Hand Weapons
 a - a +0 spear (weapon)
Missiles
 e - 106 stones (quivered)
 p - 12 sling bullets
 s - 4 atropa-tipped darts
 x - 8 bolts
Armour
 b - a +0 leather armour (worn)
 h - a +0 pair of gloves (worn)
 o - a cursed +0 buckler
 y - a +1 hat (worn)
Jewellery
 c - a ring of resist corrosion (left hand)
 k - an amulet of guardian spirit (around neck)
 n - a ring of magical power (right hand)
 r - an uncursed ring of magical power
Scrolls
 f - 2 scrolls of teleportation {unknown}
 l - 2 scrolls of fear {unknown}
 m - 2 scrolls of identify {unknown}
 v - a scroll of enchant weapon {unknown}
Potions
 g - a potion of cancellation {unknown}
 i - a potion of heal wounds {unknown}
 j - a potion of brilliance {unknown}
 q - a potion of flight {unknown}
 t - a potion of might {unknown}
 w - 2 potions of haste {unknown}
Comestibles
 d - 3 rations
 u - 2 chunks of flesh


   Skills:
 * Level 3.1 Fighting
 * Level 4.1 Polearms
 - Level 0.6 Armour
 * Level 3.9 Dodging
 + Level 2.4 Spellcasting
 * Level 4.1 Charms
 + Level 0.7 Translocations


You had 3 spell levels left.
You knew the following spells:

 Your Spells              Type           Power        Failure   Level  Hunger
a - Infusion              Chrm           ##..         5%          1    #......
b - Shroud of Golubria    Chrm/Tloc      #.....       17%         2    ###....
c - Song of Slaying       Chrm           ##......     9%          2    ###....

Your spell library contained the following spells:

 Spells                   Type           Power        Failure   Level  Hunger
 Ozocubu's Armour         Chrm/Ice       #.......     36%         3    ###....
 Spectral Weapon          Hex/Chrm       #.......     36%         3    ###....


Dungeon Overview and Level Annotations

Branches:
Dungeon (3/15)

Altars:
Yredelemnul

Annotations:
D:3 Grinder


Message History

You hit Grinder.
Grinder is moderately wounded.
Grinder closely misses you.
You hit Grinder.
Grinder is moderately wounded.
Grinder closely misses you.
You hit Grinder.
Grinder is heavily wounded.
Grinder gestures at you.
You suddenly lose the ability to move!
Your shroud unravels.
Grinder hits you.
Your magical infusion is running out.
Grinder hits you.
You writhe in agony.
Grinder hits you.
You writhe in agony.
* * * LOW HITPOINT WARNING * * *
Grinder hits you!
* * * LOW HITPOINT WARNING * * *
You writhe in agony.
You die...

###########.####.#.#########
#..................###
######.#.#..........#.#.#.######
<)......###.####................
.#####.#.#..# #.##.#.#.#.######
.# #.##.#[# #.##....#### .#
#.####.# #.##.....# .# #.# #.#
#.##.###.### .#####.####.#
#@##.# #.[.# #.# .......##...#
#5##.###.#.# #.# .....####.#.#
..##.....#.# ###.# #.##.# ######
.######.###.# #.... #.##.# ##8#
#. #.# #.###.#.# #.##.# 8... #
#<# #.)...... #.##.##.... ###
#####.#.# #....#_.... #....
####.##... #..^.


You could see Grinder.

Vanquished Creatures
  An iguana (D:3)
  4 adders
  A worm (D:3)
  3 dart slugs
  2 ball pythons
  8 bats
  2 giant cockroaches
  3 goblins
  6 hobgoblins
  5 jackals (D:1)
  A quokka (D:3)
  2 frilled lizards (D:1)
  10 kobolds
  8 rats
56 creatures vanquished.

Notes
Turn   | Place    | Note
-------+----------+-------------------------------------------
     0 | D:1      | Gwenloh the Merfolk Skald began the quest for the Orb.
     0 | D:1      | Reached XP level 1. HP: 16/16 MP: 3/3
   281 | D:1      | Reached XP level 2. HP: 23/23 MP: 1/5
   285 | D:1      | Learned a level 2 spell: Shroud of Golubria
   288 | D:1      | Learned a level 2 spell: Song of Slaying
   753 | D:1      | Reached XP level 3. HP: 28/28 MP: 6/6
  1602 | D:2      | Reached XP level 4. HP: 34/34 MP: 0/7
  2426 | D:3      | Reached XP level 5. HP: 40/41 MP: 8/8
  2605 | D:3      | Found a basalt altar of Yredelemnul.
  2622 | D:3      | Noticed Grinder
  2635 | D:3      | Paralysed by Grinder for 7 turns
  2639 | D:3      | HP: 2/41 [Grinder (8)]
  2639 | D:3      | Slain by Grinder

Levels and vault maps discovered:
D:1:      dpeg_arrival_stonehenge_12_columns, layout_loops_ring
D:2:      layout_basic
D:3:      layout_loops_ring, nicolae_overflow_hidden_temple,
          ebering_ghost_rock_garden, uniq_grinder

Skill      XL: |  1  2  3  4 |
---------------+-------------+-----
Dodging        | 3 |  3.9
Fighting       | 3 |  3.1
Charms         | 4 |  4.1
Polearms       | 4 |  4.1
Armour         | |  0.6
Spellcasting   | |  2.4
Translocations | |  0.7

Action                   |  1- 3 |  4- 6 || total
-------------------------+-------+-------++-------
Melee: Spear             |   113 |    96 ||   209
Throw: Stone             |    26 |       ||    26
 Cast: Infusion          |     8 |     5 ||    13
       Song of Slaying   |     1 |       ||     1
       Shroud of Golubri |     2 |     5 ||     7
 Stab: Sleeping          |       |     1 ||     1
  Eat: Chunk             |     3 |     3 ||     6
Armor: Leather armour    |    27 |    16 ||    43
Dodge: Dodged            |    56 |    42 ||    98

Table legend:
 A = Non-vault XP
 B = Vault XP
 C = Vault XP percentage of total XP
 D = Non-vault monster count
 E = Vault monster count
 F = Vault count percentage of total count
                 A         B        C        D         E       F
            +---------+---------+-------+---------+---------+-------
      Total |     183 |       0 |   0.0 |      56 |       0 |   0.0
            +---------+---------+-------+---------+---------+-------
        D:1 |      52 |       0 |   0.0 |      31 |       0 |   0.0
        D:2 |      44 |       0 |   0.0 |      10 |       0 |   0.0
        D:3 |      87 |       0 |   0.0 |      15 |       0 |   0.0
            +---------+---------+-------+---------+---------+-------
